 Dungeon Crawl Stone Soup version 0.26-a0-661-g406de6ba63 (webtiles) character file.

Game seed: 8636449383735673944

725 jasper the Insei (level 7, -4/53 HPs)
             Began as a Gnoll Transmuter on Oct 8, 2020.
             Was an Initiate of Ashenzari.
             Slain by Grinder (11 damage)
             ... on level 4 of the Dungeon.
             The game lasted 00:06:14 (3397 turns).

jasper the Insei (Gnoll Transmuter)                 Turns: 3397, Time: 00:06:15

Health: -4/53      AC:  3    Str: 12    XL:     7   Next: 71%
Magic:  6/15       EV: 15    Int: 18    God:    Ashenzari [......]
Gold:   201        SH:  0    Dex: 15    Spells: 4/17 levels left

rFire    . . .     SeeInvis .     - Unarmed
rCold    . . .     Faith    .   (no shield)
rNeg     . . .     Spirit   .   a - +0 robe
rPois    .         Reflect  .   q - +0 helmet
rElec    .         Harm     .   (no cloak)
rCorr    .         Rampage  .   (no gloves)
MR       .....                  (no boots)
Stlth    +.........             (no amulet)
HPRegen  0.17/turn              (no ring)
MPRegen  0.14/turn              (no ring)

@: brilliant, berserk cooldown, flying, heavily contaminated, hasted and slowed,
glowing
A: distributed training, fangs 1, strong nose
a: Curse Item, Renounce Religion


You were on level 4 of the Dungeon.
You worshipped Ashenzari.
Ashenzari was noncommittal.
You visited 1 branch of the dungeon, and saw 4 of its levels.

You collected 201 gold pieces.

Inventory:

Hand Weapons
 l - a +0 dagger of draining
Missiles
 d - 12 javelins (quivered)
 k - 89 stones
Armour
 a - a +0 robe (worn)
 q - a +0 helmet (worn)
Wands
 o - a wand of iceblast (9)
 u - a wand of enslavement (2)
Scrolls
 c - 2 scrolls of amnesia {unknown}
 e - 2 scrolls of teleportation {unknown}
 f - 6 scrolls of identify {unknown}
 i - 2 scrolls of remove curse
 m - 2 scrolls of noise {unknown}
 n - a scroll of fog {unknown}
 r - 3 scrolls of enchant weapon {unknown}
Potions
 b - a potion of haste
 h - a potion of flight
 j - 2 potions of ambrosia
 p - a potion of brilliance


   Skills:
 + Level 3.7 Fighting
 + Level 2.6 Short Blades
 + Level 2.6 Long Blades
 + Level 2.6 Axes
 + Level 2.6 Maces & Flails
 + Level 2.6 Polearms
 + Level 2.6 Staves
 + Level 2.6 Slings
 + Level 2.6 Bows
 + Level 2.6 Crossbows
 + Level 2.6 Throwing
 + Level 2.6 Armour
 + Level 5.3 Dodging
 + Level 2.6 Stealth
 + Level 2.6 Shields
 + Level 7.1 Unarmed Combat
 + Level 5.7 Spellcasting
 + Level 2.1 Conjurations
 + Level 2.1 Hexes
 + Level 2.1 Summonings
 + Level 2.1 Necromancy
 + Level 2.1 Translocations
 + Level 4.4 Transmutations
 + Level 2.1 Fire Magic
 + Level 2.1 Ice Magic
 + Level 2.1 Air Magic
 + Level 2.1 Earth Magic
 + Level 2.1 Poison Magic
 + Level 3.0 Invocations
 + Level 2.6 Evocations


You had 4 spell levels left.
You knew the following spells:

 Your Spells              Type           Power        Failure   Level
a - Beastly Appendage     Tmut           ####..       1%          1
b - Spider Form           Tmut/Pois      ####......   10%         3
c - Ice Form              Ice/Tmut       ####....     32%         4
d - Blade Hands           Tmut           ####......   50%         5

Your spell library contained the following spells:

 Spells                   Type           Power        Failure   Level
 Wereblood                Tmut           ####....     3%          2


Dungeon Overview and Level Annotations

Branches:
Dungeon (4/15)             Temple (0/1) D:4

Altars:
Ashenzari
Makhleb
Qazlal
Uskayaw

Annotations:
D:4 Grinder


Innate Abilities, Weirdness & Mutations

Your experience applies equally to all skills.
You have very sharp teeth.
Your uncanny sense of smell can sniff out nearby items.


Message History

Confirm with . or Enter, or press ? or * to list all spells.
The spell is extremely dangerous to cast (50% risk of failure)!
Continue anyway?
You feel a surge of power!
You miscast Blade Hands.
You are lightly contaminated with residual magic.
Your body is flooded with distortional energies.
You are contaminated with residual magic.
Grinder hits you.
* * * LOW HITPOINT WARNING * * *
You take 2 damage, and have 7/53 hp.
You now have 11/15 mp.
Unknown command.
Unknown command.
Unknown command.
Casting: Blade Hands (extremely dangerous; 50% risk of failure)
Confirm with . or Enter, or press ? or * to list all spells.
The spell is extremely dangerous to cast (50% risk of failure)!
Continue anyway?
You feel a surge of power!
You miscast Blade Hands.
You feel a strange surge of energy.
You are heavily infused with residual magic.
Grinder hits you!
You die...

## .> # #. ###.#.###
#.....5.#
#......@#############
#.#####..............
##...###.........
~#....# #.........
~#.8..# #.........~
#...## #.########
##..# #.# ##.# #.#
...####.###########


You could see Grinder.

Vanquished Creatures
  Pikel (D:4)
  A lemure (D:4)
  2 orc wizards (D:4)
  An orc priest (D:4)
  A bullfrog skeleton (D:3)
  A worker ant (D:3)
  4 adders
  2 oozes
  3 worms (D:2)
  2 dart slugs (D:1)
  2 leopard geckos
  8 orcs
  11 bats
  3 giant cockroaches
  7 goblins
  6 hobgoblins
  5 jackals (D:2)
  5 frilled lizards
  5 kobolds
  A leopard gecko skeleton (D:4)
  9 rats
80 creatures vanquished.

Notes
Turn   | Place    | Note
-------+----------+-------------------------------------------
     0 | D:1      | jasper the Gnoll Transmuter began the quest for the Orb.
     0 | D:1      | Reached XP level 1. HP: 17/17 MP: 6/6
   115 | D:1      | Reached XP level 2. HP: 23/23 MP: 7/7
   637 | D:1      | Reached XP level 3. HP: 21/28 MP: 9/9
   799 | D:2      | Reached skill level 5 in Spellcasting
   943 | D:2      | Reached skill level 1 in Invocations
  1027 | D:2      | Reached skill level 1 in Short Blades
  1027 | D:2      | Reached skill level 1 in Long Blades
  1027 | D:2      | Reached skill level 1 in Axes
  1027 | D:2      | Reached skill level 1 in Maces & Flails
  1027 | D:2      | Reached skill level 1 in Polearms
  1027 | D:2      | Reached skill level 1 in Staves
  1027 | D:2      | Reached skill level 1 in Slings
  1027 | D:2      | Reached skill level 1 in Bows
  1027 | D:2      | Reached skill level 1 in Crossbows
  1027 | D:2      | Reached skill level 1 in Throwing
  1027 | D:2      | Reached skill level 1 in Armour
  1027 | D:2      | Reached skill level 1 in Stealth
  1027 | D:2      | Reached skill level 1 in Shields
  1027 | D:2      | Reached skill level 1 in Evocations
  1038 | D:2      | Learned a level 3 spell: Spider Form
  1105 | D:2      | Reached XP level 4. HP: 27/34 MP: 9/11
  1541 | D:2      | Learned a level 4 spell: Ice Form
  1920 | D:3      | Noticed a +0 hand axe
  1920 | D:3      | Noticed a +0 hand axe
  1922 | D:3      | Found a hide-covered altar of Uskayaw.
  1998 | D:3      | Reached skill level 1 in Conjurations
  1998 | D:3      | Reached skill level 1 in Hexes
  1998 | D:3      | Reached skill level 1 in Summonings
  1998 | D:3      | Reached skill level 1 in Necromancy
  1998 | D:3      | Reached skill level 1 in Translocations
  1998 | D:3      | Reached skill level 1 in Fire Magic
  1998 | D:3      | Reached skill level 1 in Ice Magic
  1998 | D:3      | Reached skill level 1 in Air Magic
  1998 | D:3      | Reached skill level 1 in Earth Magic
  1998 | D:3      | Reached skill level 1 in Poison Magic
  2139 | D:3      | Found a broken altar of Ashenzari.
  2156 | D:3      | Became a worshipper of Ashenzari the Shackled
  2204 | D:3      | Reached XP level 5. HP: 33/40 MP: 10/12
  2713 | D:4      | Found a stormy altar of Qazlal.
  2755 | D:4      | Found a burning altar of Makhleb.
  2761 | D:4      | Found a staircase to the Ecumenical Temple.
  2840 | D:4      | Reached XP level 6. HP: 37/47 MP: 11/13
  2933 | D:4      | Learned a level 5 spell: Blade Hands
  3173 | D:4      | Noticed Pikel
  3226 | D:4      | Killed Pikel
  3226 | D:4      | Reached skill level 5 in Dodging
  3226 | D:4      | Reached skill level 7 in Unarmed Combat
  3226 | D:4      | Reached XP level 7. HP: 35/53 MP: 15/15
  3372 | D:4      | Noticed Grinder
  3378 | D:4      | Paralysed by Grinder for 6 turns
  3386 | D:4      | Paralysed by Grinder for 6 turns
  3397 | D:4      | Slain by Grinder

Illustrated notes

Levels and vault maps discovered:
D:1:      lemuel_arrival_river_bridge, layout_basic
D:2:      layout_loops_ring, chequers_serial_rivers_micro_b
D:3:      layout_basic, dancing_weapons_uskayaw, cheibrodos_ashenzari_chains
D:4:      layout_basic, overflow_temple_1_default,
          chequers_temple_overflow_minitemple,
          minmay_temple_entry_gardened_gates, mrwooster_statue_mirror,
          nicolae_qazlal_general_emergency, uniq_blork_the_orc, uniq_pikel,
          uniq_grinder

Skill      XL: |  1  2  3  4  5  6 |
---------------+-------------------+-----
Spellcasting   | 5 |  5.7
Invocations    | 1 2 3 |  3.0
Short Blades   | 1 2 |  2.6
Long Blades    | 1 2 |  2.6
Axes           | 1 2 |  2.6
Maces & Flails | 1 2 |  2.6
Polearms       | 1 2 |  2.6
Staves         | 1 2 |  2.6
Slings         | 1 2 |  2.6
Bows           | 1 2 |  2.6
Crossbows      | 1 2 |  2.6
Throwing       | 1 2 |  2.6
Armour         | 1 2 |  2.6
Stealth        | 1 2 |  2.6
Shields        | 1 2 |  2.6
Evocations     | 1 2 |  2.6
Conjurations   | 1 2 |  2.1
Hexes          | 1 2 |  2.1
Summonings     | 1 2 |  2.1
Necromancy     | 1 2 |  2.1
Translocations | 1 2 |  2.1
Fire Magic     | 1 2 |  2.1
Ice Magic      | 1 2 |  2.1
Air Magic      | 1 2 |  2.1
Earth Magic    | 1 2 |  2.1
Poison Magic   | 1 2 |  2.1
Fighting       | 3 |  3.7
Transmutations | 4 |  4.4
Dodging        | 5 |  5.3
Unarmed Combat | 7 |  7.1

Action                   |  1- 3 |  4- 6 |  7- 9 || total
-------------------------+-------+-------+-------++-------
Melee: Unarmed           |    47 |    84 |     5 ||   136
       Kick              |     7 |     8 |       ||    15
       Headbutt          |     4 |     7 |       ||    11
       Bite              |     4 |     5 |       ||     9
       Punch             |       |     2 |       ||     2
Throw: Javelin           |    38 |    47 |       ||    85
 Cast: Beastly Appendage |     7 |     8 |       ||    15
       Spider Form       |       |     2 |       ||     2
  Use: Potion            |       |     2 |     6 ||     8
Armor: Robe              |     7 |     6 |       ||    13
Dodge: Dodged            |    24 |    57 |     6 ||    87

Table legend: (Time is in decaauts)
 A = Elapsed time spent in this place.
 B = Non-inter-level travel time spent in this place.
 C = Inter-level travel time spent in this place.
 D = Time resting spent in this place.
 E = Time spent auto-exploring this place.
 F = Levels seen in this place.
 G = Mean time per level.
                   A        B        C        D        E       F      G
               +--------+--------+--------+--------+--------+-----+--------+
         Total |   3404 |   3310 |     94 |     15 |   2799 |   4 |  851.0 |
       Dungeon |   3404 |   3310 |     94 |     15 |   2799 |   4 |  851.0 |
               +--------+--------+--------+--------+--------+-----+--------+

Top non-repeatable levels by time:
     D:2: 1020 daAuts
     D:3: 889 daAuts
     D:1: 791 daAuts
     D:4: 703 daAuts
